 Dungeon Crawl Stone Soup version 0.28-a0-1616-g050a50673c (webtiles) character file.

Game seed: 9657568227176321155

217 puellabona the Ducker (level 5, -2/41 HPs)
             Began as a Gnoll Wanderer on Jan 22, 2022.
             Slain by an iguana (10 damage)
             ... on level 5 of the Dungeon.
             The game lasted 00:12:47 (4494 turns).

puellabona the Ducker (Gnoll Wanderer)              Turns: 4494, Time: 00:12:47

Health: -2/41      AC:  3    Str: 14    XL:     5   Next: 94%
Magic:  11/12      EV: 14    Int: 12    God:
Gold:   194        SH:  0    Dex: 12    Spells: 7/14 levels left

rFire   . . .      SeeInvis .   i - +3 quarterstaff of Irewailiano {freeze, Str+2}
rCold   . . .      Faith    .   (shield currently unavailable)
rNeg    . . .      Spirit   .   c - +0 leather armour
rPois   .          Reflect  .   (no helmet)
rElec   .          Harm     .   (no cloak)
rCorr   .          Rampage  .   (no gloves)
Will    .....                   (no boots)
Stlth   ++........              (no amulet)
HPRegen 0.13/turn               (no ring)
MPRegen 0.13/turn               (no ring)

@: flying, very slightly contaminated
A: fangs 1, strong nose, distributed training
a: no special abilities


You were on level 5 of the Dungeon.
You visited 1 branch of the dungeon, and saw 5 of its levels.

You collected 194 gold pieces.

Inventory:

Hand Weapons
 a - a +1 dagger of protection
 b - the +1 hunting sling "Xiklor" {freeze, rElec}
   (You found it on level 4 of the Dungeon)

   Any ammunition fired from it freezes those it strikes, dealing additional
   cold damage.
   It can also slow down cold-blooded creatures.
   rElec:     It insulates you from electricity.
 i - the +3 quarterstaff of Irewailiano (weapon) {freeze, Str+2}
   (You found it on level 4 of the Dungeon)

   It freezes those it strikes, dealing additional cold damage.
   It can also slow down cold-blooded creatures.
   Str:       It affects your strength (+2).
Missiles
 l - 59 stones (quivered)
Armour
 c - a +0 leather armour (worn)
Scrolls
 e - 2 scrolls of teleportation {unknown}
 h - 2 scrolls of identify
 k - a scroll of enchant weapon {unknown}
Potions
 d - a potion of lignification
 f - a potion of cancellation
 j - a potion of brilliance {unknown}
 m - a potion of resistance


   Skills:
 + Level 3.1 Fighting
 + Level 1.7 Short Blades
 + Level 1.7 Long Blades
 + Level 1.7 Axes
 + Level 1.7 Maces & Flails
 + Level 1.7 Polearms
 + Level 1.7 Staves
 + Level 1.7 Slings
 + Level 1.7 Bows
 + Level 1.7 Crossbows
 + Level 1.7 Throwing
 + Level 1.7 Armour
 + Level 6.7 Dodging
 + Level 1.7 Stealth
 + Level 1.7 Shields
 + Level 1.7 Unarmed Combat
 + Level 5.2 Spellcasting
 + Level 1.3 Conjurations
 + Level 2.5 Hexes
 + Level 1.3 Summonings
 + Level 1.3 Necromancy
 + Level 1.3 Translocations
 + Level 1.3 Transmutations
 + Level 1.3 Fire Magic
 + Level 1.3 Ice Magic
 + Level 1.3 Air Magic
 + Level 5.6 Earth Magic
 + Level 1.3 Poison Magic
 + Level 1.9 Invocations
 + Level 1.7 Evocations


You had 7 spell levels left.
You knew the following spells:

 Your Spells              Type           Power      Damage    Failure   Level
a - Sandblast             Erth           32%        2d9       2%          1
b - Slow                  Hex            36%        N/A       9%          1
c - Passwall              Tmut/Erth      9%         N/A       9%          2
d - Stone Arrow           Conj/Erth      22%        3d8       17%         3

Your spell library contained the following spells:

 Spells                   Type           Power      Damage    Failure   Level
 Magic Dart               Conj           24%        1d4       14%         1
 Call Imp                 Summ           6%         N/A       21%         2
 Inner Flame              Hex/Fire       7%         N/A       32%         3
 Gell's Gravitas          Tloc           6%         N/A       38%         3
 Lesser Beckoning         Tloc           6%         N/A       38%         3
 Mephitic Cloud           Conj/Pois/Air  6%         N/A       38%         3
 Teleport Other           Tloc           6%         N/A       38%         3


Dungeon Overview and Level Annotations

Branches:
Dungeon (5/15)
 Temple: D:4-7

Altars:
Hepliaklqana
Qazlal
Sif Muna
Vehumet

Shops:
D:1 *


Innate Abilities, Weirdness & Mutations

You have very sharp teeth.
Your uncanny sense of smell can sniff out nearby items.
Your experience applies equally to all skills.


Message History

Found a stone staircase leading down.
You see here 10 gold pieces.
You now have 194 gold pieces (gained 10).
You sock the bullfrog skeleton!
The bullfrog skeleton is moderately damaged.
The bullfrog skeleton hits you but does no damage.
The bullfrog skeleton misses you.
You hit the bullfrog skeleton.
The bullfrog skeleton is moderately damaged.
The bullfrog skeleton hits you.
You barely miss the bullfrog skeleton. You bite the bullfrog skeleton.
The bullfrog skeleton is heavily damaged.
The bullfrog skeleton hits you.
The bullfrog skeleton closely misses you.
You hit the bullfrog skeleton. You bite the bullfrog skeleton.
The bullfrog skeleton is heavily damaged.
You hear the slow rusting of a very distant drain.
The bullfrog skeleton misses you.
You hit the bullfrog skeleton.
The bullfrog skeleton is severely damaged.
The bullfrog skeleton barely misses you.
You hit the iguana but do no damage. Your bite misses the iguana.
The iguana bites you.
You hit the iguana but do no damage. Your bite misses the iguana.
The iguana bites you!
Casting: Sandblast (safe; 2% risk of failure)
Confirm with . or Enter, or press ? or * to list all spells.
Aiming: Slow (safe; 9% risk of failure)
Press: ? - help, Shift-Dir - straight line, f - iguana
Aim: an iguana (chance to affect: 55%)
You miscast Slow.
You are very lightly contaminated with residual magic.
Nothing appears to happen.
The iguana barely misses you.
You closely miss the iguana. The iguana barely misses you.
The iguana bites you!
* * * LOW HITPOINT WARNING * * *
It was a potion of flight.
You feel very buoyant.
You fly up into the air.
The iguana bites you!
You die...

#.....# #.###.# ###+##
#.#.#.# .....#
#.#...#####
.....#######.#......<#
.....'.......#...#####
.....#########.#.#
.....+ ..#.#.# .....#
#.#.#@# .....#
#.#.#l#### .....#
#.#.#oZ..# .....####
#.#.#..#.#
........####.#.#..# #
.......).........>#
##....).######.####
######## #... #####


You could see an iguana, an orc and a bullfrog skeleton.

Vanquished Creatures
  An orc priest (D:5)
  2 iguanas (D:4)
  An orc wizard (D:5)
  2 adders
  A worm (D:2)
  A dart slug (D:1)
  6 orcs
  6 endoplasms
  12 hobgoblins
  6 jackals
  3 kobolds
  2 quokkas (D:2)
  6 ball pythons
  11 bats
  3 frilled lizards
  12 goblins
  A quokka skeleton (D:4)
  7 rats
83 creatures vanquished.

Notes
Turn   | Place    | Note
-------+----------+-------------------------------------------
     0 | D:1      | puellabona the Gnoll Wanderer began the quest for the Orb.
     0 | D:1      | puellabona set off with the following items: a +0 club, 23
                  | stones, a +0 leather armour, a potion of lignification; and
                  | the following spells available to memorise: Sandblast,
                  | Slow, Passwall, Stone Arrow, Inner Flame
     0 | D:1      | Reached XP level 1. HP: 17/17 MP: 6/6
     2 | D:1      | Learned a level 1 spell: Sandblast
     4 | D:1      | Learned a level 1 spell: Slow
    73 | D:1      | Found Geci's Assorted Antiques.
    88 | D:1      | Reached XP level 2. HP: 20/23 MP: 7/7
   375 | D:1      | Learned a level 2 spell: Passwall
   567 | D:1      | Reached XP level 3. HP: 28/28 MP: 9/9
   573 | D:1      | Reached skill level 5 in Spellcasting
  1245 | D:2      | Reached skill level 1 in Invocations
  1723 | D:2      | Reached skill level 1 in Short Blades
  1723 | D:2      | Reached skill level 1 in Long Blades
  1723 | D:2      | Reached skill level 1 in Axes
  1723 | D:2      | Reached skill level 1 in Maces & Flails
  1723 | D:2      | Reached skill level 1 in Polearms
  1723 | D:2      | Reached skill level 1 in Staves
  1723 | D:2      | Reached skill level 1 in Slings
  1723 | D:2      | Reached skill level 1 in Bows
  1723 | D:2      | Reached skill level 1 in Crossbows
  1723 | D:2      | Reached skill level 1 in Throwing
  1723 | D:2      | Reached skill level 1 in Armour
  1723 | D:2      | Reached skill level 1 in Stealth
  1723 | D:2      | Reached skill level 1 in Shields
  1723 | D:2      | Reached skill level 1 in Unarmed Combat
  1723 | D:2      | Reached skill level 1 in Evocations
  2173 | D:3      | Reached XP level 4. HP: 34/34 MP: 11/11
  2429 | D:3      | Learned a level 3 spell: Stone Arrow
  2446 | D:3      | Found a radiant altar of Vehumet.
  2995 | D:4      | Found a stormy altar of Qazlal.
  2995 | D:4      | Found a hazy altar of Hepliaklqana.
  2996 | D:4      | Found a shimmering blue altar of Sif Muna.
  3017 | D:4      | Identified the +1 hunting sling "Xiklor" {freeze, rElec}
  3121 | D:4      | Reached skill level 1 in Conjurations
  3121 | D:4      | Reached skill level 1 in Summonings
  3121 | D:4      | Reached skill level 1 in Necromancy
  3121 | D:4      | Reached skill level 1 in Translocations
  3121 | D:4      | Reached skill level 1 in Transmutations
  3121 | D:4      | Reached skill level 1 in Fire Magic
  3121 | D:4      | Reached skill level 1 in Ice Magic
  3121 | D:4      | Reached skill level 1 in Air Magic
  3121 | D:4      | Reached skill level 1 in Poison Magic
  3159 | D:4      | Noticed a black bear
  3372 | D:4      | Reached XP level 5. HP: 13/40 MP: 0/12
  3879 | D:4      | Identified the +3 quarterstaff of Irewailiano {freeze,
                  | Str+2}
  4385 | D:5      | Entered Level 5 of the Dungeon
  4494 | D:5      | Slain by an iguana

Illustrated notes

Levels and vault maps discovered:
D:1:      dpeg_arrival_tiny_d, layout_loops_ring, serial_shops, shop,
          hangedman_abyss_or_decor_stabs, minmay_tromino_mix6
D:2:      layout_loops_cross, st_stairs_3
D:3:      layout_loops_ring, nicolae_vehumet_radiance
D:4:      layout_loops_ring, gammafunk_temple_overflow_forgotten,
          kennysheep_minor_cross
D:5:      layout_basic, mainiacjoe_overflow_boulevard, portal_sewer_entry_f

Skill      XL: |  1  2  3  4  5 |
---------------+----------------+-----
Hexes          | 2 |  2.5
Spellcasting   | 5 |  5.2
Invocations    | 1 |  1.9
Short Blades   | 1 |  1.7
Long Blades    | 1 |  1.7
Axes           | 1 |  1.7
Maces & Flails | 1 |  1.7
Polearms       | 1 |  1.7
Staves         | 1 |  1.7
Slings         | 1 |  1.7
Bows           | 1 |  1.7
Crossbows      | 1 |  1.7
Throwing       | 1 |  1.7
Armour         | 1 |  1.7
Stealth        | 1 |  1.7
Shields        | 1 |  1.7
Unarmed Combat | 1 |  1.7
Evocations     | 1 |  1.7
Conjurations   | 1 |  1.3
Summonings     | 1 |  1.3
Necromancy     | 1 |  1.3
Translocations | 1 |  1.3
Transmutations | 1 |  1.3
Fire Magic     | 1 |  1.3
Ice Magic      | 1 |  1.3
Air Magic      | 1 |  1.3
Poison Magic   | 1 |  1.3
Fighting       | 3 |  3.1
Dodging        | |  6.7
Earth Magic    | |  5.6

Action                   |  1- 3 |  4- 6 || total
-------------------------+-------+-------++-------
Melee: Club              |     4 |       ||     4
       Dagger            |   120 |    37 ||   157
       Punch             |     4 |       ||     4
       Bite              |     6 |     9 ||    15
       Quarterstaff      |       |    21 ||    21
 Fire: Hunting sling     |       |     2 ||     2
 Cast: Sandblast         |    22 |    54 ||    76
       Stone Arrow       |       |     3 ||     3
       Slow              |       |     2 ||     2
  Use: Scroll            |     2 |     3 ||     5
       Potion            |       |     3 ||     3
Armor: Leather armour    |    44 |    11 ||    55
Dodge: Dodged            |    97 |    57 ||   154

Table legend: (Time is in decaauts)
 A = Elapsed time spent in this place.
 B = Non-inter-level travel time spent in this place.
 C = Inter-level travel time spent in this place.
 D = Time resting spent in this place.
 E = Time spent auto-exploring this place.
 F = Levels seen in this place.
 G = Mean time per level.
                   A        B        C        D        E       F      G
               +--------+--------+--------+--------+--------+-----+--------+
         Total |   4473 |   4380 |     93 |    306 |   3123 |   5 |  894.6 |
       Dungeon |   4473 |   4380 |     93 |    306 |   3123 |   5 |  894.6 |
               +--------+--------+--------+--------+--------+-----+--------+

Top non-repeatable levels by time:
     D:4: 1370 daAuts
     D:1: 1171 daAuts
     D:2: 934 daAuts
     D:3: 886 daAuts
     D:5: 111 daAuts
